 Dungeon Crawl Stone Soup version 0.19.1-1-g22dce08 (webtiles) character file.

17189 theAP the Bludgeoner (level 12, -3/73 HPs)
             Began as a Gargoyle Fighter on Jan 9, 2017.
             Was a High Priest of Hepliaklqana.
             Killed from afar by Frances (14 damage)
             ... with a shard of ice
             ... on level 12 of the Dungeon.
             The game lasted 00:43:03 (11466 turns).

theAP the Bludgeoner (Gargoyle Fighter)            Turns: 11466, Time: 00:43:04

Health: -3/73      AC: 32    Str: 26    XL:     12   Next: 45%
Magic:  14/14      EV:  6    Int: 12    God:    Hepliaklqana [*****.]
Gold:   325        SH:  9    Dex:  9    Spells: 0 memorised, 11 levels left

rFire  . . .     SeeInvis .     B - +1 flail (protect)
rCold  + . .     Gourm    .     z - +2 plate armour
rNeg   + . .     Faith    .     c - +0 shield
rPois  ∞         Spirit   .     s - +0 helmet
rElec  +         Reflect  .     k - +0 cloak
rCorr  .         Harm     .     O - +0 pair of gloves of the Maze {Str+2 Slay+2}
MR     +....     Clarity  +     (no boots)
Stlth  ..........               v - amulet of rage
                                (no ring)
                                n - ring of protection from cold

@: protection aura
A: reduced essence, repulsion field 1, thin skeletal structure 1, clarity,
clever 1, clumsy 1, magic resistance 1, mutation resistance 2, negative energy
resistance 1, sense surroundings 1, electricity resistance, wild magic 1,
unbreathing, petrification resistance, rot immunity, AC +8
a: Recall Ancestor, Ancestor Identity, Transference, Idealise, Renounce
Religion, Evoke Berserk Rage


You were on level 12 of the Dungeon.
You worshipped Hepliaklqana.
Hepliaklqana was extremely pleased with you.
You were very hungry.

You visited 1 branch of the dungeon, and saw 12 of its levels.
You also visited: Ossuary.

You collected 619 gold pieces.
You spent 294 gold pieces at shops.

Inventory:

Hand Weapons
 a - a +1 flail
 B - a +1 flail of protection (weapon)
Armour
 c - a +0 shield (worn)
 e - a +1 pair of gloves of strength
 k - a +0 cloak (worn)
 s - a +0 helmet (worn)
 x - a +2 pair of gloves
 z - a +2 plate armour (worn)
 O - the +0 pair of gloves of the Maze (worn) {Str+2 Slay+2}
   (You found it on level 8 of the Dungeon)

   It affects your strength (+2).
   It affects your accuracy and damage with ranged weapons and melee attacks
   (+2).
Jewellery
 n - a ring of protection from cold (left hand)
 v - an amulet of rage (around neck)
 L - a +5 ring of evasion {unknown}
Wands
 C - a wand of lightning (6/15)
 G - a wand of flame (17/48)
 H - a wand of slowing (25/48)
 N - a wand of slowing (18/48)
 P - a wand of slowing (17/48)
 S - a wand of acid (4/15)
 T - a wand of enslavement (10/24)
Scrolls
 i - 4 scrolls of amnesia
 j - 4 scrolls of enchant weapon
 o - 2 scrolls of identify
 p - 6 scrolls of remove curse
 r - a scroll of fear
 K - 2 scrolls of fog
 M - a scroll of recharging
Potions
 b - 3 potions of lignification
 d - 5 potions of might
 m - a potion of invisibility
 q - 3 potions of flight
 t - 3 potions of cancellation
 u - 2 potions of degeneration
 w - a potion of berserk rage {unknown}
 D - 2 potions of magic
 F - 2 potions of haste
 J - a potion of agility
Books
 y - a book of Maledictions

   Spells                             Type                      Level
   a - Corona                         Hexes                        1
   b - Ensorcelled Hibernation        Hexes/Ice                    2
   c - Confuse                        Hexes                        3
   d - Tukima's Dance                 Hexes                        3
   e - Dazzling Spray                 Conjuration/Hexes            3
 I - a book of Callings

   Spells                             Type                      Level
   a - Summon Small Mammal            Summoning                    1
   b - Call Imp                       Summoning                    2
   c - Call Canine Familiar           Summoning                    3
   d - Summon Guardian Golem          Hexes/Summoning              3
   e - Summon Lightning Spire         Summoning/Air                4
   f - Summon Ice Beast               Ice/Summoning                4
 Q - a book of Misfortune

   Spells                             Type                      Level
   a - Confusing Touch                Hexes                        1
   b - Confuse                        Hexes                        3
   c - Gell's Gravitas                Hexes/Translocation          3
   d - Petrify                        Transmutation/Earth          4
   e - Metabolic Englaciation         Hexes/Ice                    5
   f - Yara's Violent Unravelling     Hexes/Transmutation          5
 R - a book of Minor Magic

   Spells                             Type                      Level
   a - Magic Dart                     Conjuration                  1
   b - Blink                          Translocation                2
   c - Call Imp                       Summoning                    2
   d - Repel Missiles                 Charms/Air                   2
   e - Slow                           Hexes                        2
   f - Conjure Flame                  Conjuration/Fire             3
   g - Mephitic Cloud                 Conjuration/Poison/Air       3
Comestibles
 f - 5 bread rations
 g - 14 slices of pizza
 l - 7 meat rations
 A - 3 fruits
 E - 2 royal jellies


   Skills:
 + Level 12.7 Fighting
 * Level 15.3 Maces & Flails
 - Level 3.6 Armour
 - Level 3.4 Shields
 + Level 3.4 Invocations


You had 11 spell levels left.
You didn't know any spells.

Dungeon Overview and Level Annotations

Branches:
Dungeon (12/15)            Temple (0/1) D:4            Lair (0/6) D:10
    Orc (0/2) D:11

Altars:
Cheibriados
Dithmenos
Fedhas
Gozag
Hepliaklqana
Kikubaaqudgha
Makhleb
Okawaru
Ru
Sif Muna
Trog
Zin

Shops:
D:5 *   D:8 ![(   D:9 [[%   D:10 ?!*

Annotations:
D:12 Frances


Innate Abilities, Weirdness & Mutations

You are resistant to torment.
Your stone body is resilient. (AC +8)
You are immune to poison.
You resist negative energy. (rN+)
You are resistant to electric shocks. (rElec)
You can survive without breathing.
You are immune to petrification.
You are immune to rotting.
Your life essence is reduced. (-10% HP)
You are surrounded by a mild repulsion field. (EV +2)
You have a somewhat thin skeletal structure. (Dex +2, Stealth)
You possess an exceptional clarity of mind.
Your mind is acute. (Int +2)
You are clumsy. (Dex -2)
You are resistant to hostile enchantments. (MR+)
You are somewhat resistant to both further mutation and mutation removal.
You passively map a small area around you.
Your spells are a little harder to cast, but a little more powerful.


Message History

Frances is severely wounded.
Frances chants phrases taken from a devil's mouth.
You block the ice devil's attack.
You closely miss Frances.
Frances is severely wounded.
Frances barely misses you. The ice devil barely misses you.
You hit Frances but do no damage.
Frances is severely wounded.
Frances barely misses you.
You thump Frances!
Frances is severely wounded.
You block the ice devil's attack.
Frances screams a word of power!
You block the iron shot.
You hit Frances but do no damage.
Frances is severely wounded.
The ice devil hits you but does no damage.
Frances screams a word of power!
The shard of ice hits you! You partially resist.
You die...

, #............#..# ,#... , ,
###........#####. #....#...
......#..........# , , #....#...
......#.....)....# , ,##....#...
......#..........+, ,#.....#...
......##+########## #.....#...
.............#....# , #.....#...
.............#....+, #>....#...
.............#..@4# , #####''#...
.............##@#######..........
.†....########........#..........
......'.....##........#...#######
......#.....##...)....#...#......
......#.....##........#...#......
......#.....#######'###...#......
......#.....'.#.......#...#......
......#######.#.......#.†.#......


You could see Frances and an ice devil.

Vanquished Creatures
  Nessos (D:12)
  The ghost of Tramtrist the Unseen, a novice SpAs of Trog (D:11)
  5 large abominations (D:12)
  A wizard (D:12)
  3 hill giants
  An ugly thing (D:12)
  A cyclops (D:11)
  Joseph (D:7)
  The ghost of nikopol the Skirmisher, a novice GrBe of Trog (D:4)
  3 trolls
  Grinder (D:4)
  2 hippogriffs
  A wyvern (D:11)
  2 hill giant zombies (D:11)
  2 yaks (D:12)
  6 small abominations (D:12)
  2 hungry ghosts
  Menkaure (Ossuary)
  Duvessa (D:5)
  2 water moccasins
  5 orc warriors
  2 sky beasts
  A hornet zombie (D:10)
  An ice beast (D:8)
  A phantom (D:11)
  3 black bears
  4 ogres
  5 centaurs
  A gnoll sergeant (D:8)
  Dowan (D:5)
  6 bullfrogs
  A troll zombie (D:11)
  A scorpion (D:4)
  5 killer bees (D:7)
  An electric eel (D:10)
  8 crimson imps
  4 centaur zombies
  9 hounds
  5 centaur skeletons
  A jelly (D:11)
  5 orc priests
  6 orc wizards
  4 iguanas
  A bullfrog skeleton (D:11)
  9 worker ants
  5 ogre zombies (D:11)
  2 hound zombies
  2 mummies (Ossuary)
  8 gnolls
  9 adders
  3 shadow imps
  3 adder skeletons
  3 worms (D:2)
  3 dart slugs
  2 leopard geckos
  38 orcs
  4 giant cockroaches
  2 gnoll zombies (Ossuary)
  12 goblins
  8 hobgoblins
  7 jackals
  3 kobolds
  4 quokkas
  3 ball pythons (D:3)
  5 bats
  2 frilled lizards
  2 gnoll skeletons (Ossuary)
  3 goblin skeletons
  7 goblin zombies
  4 hobgoblin skeletons
  7 hobgoblin zombies
  A jackal zombie (D:8)
  2 kobold skeletons (Ossuary)
  A kobold zombie (Ossuary)
  2 leopard gecko zombies
  5 orc skeletons
  7 orc zombies
  7 rats
  4 rat skeletons (Ossuary)
  A rat zombie (Ossuary)
309 creatures vanquished.

Vanquished Creatures (collateral kills)
  Psyche (D:9)
  A shadow (D:11)
  A yak (D:12)
  A wyvern (D:5)
  A hungry ghost (D:6)
  A sky beast (D:7)
  A centaur (D:5)
  2 ogres
  A scorpion (D:4)
  2 electric eels (D:10)
  A crimson imp (D:8)
  A jelly (D:9)
  A hound (D:9)
  An orc wizard (D:7)
  2 worker ants
  A small abomination (D:12)
  A mummy (Ossuary)
  A gnoll (D:8)
  2 adders
  2 worms
  10 orcs
  3 quokkas
  A bat (D:3)
  A frilled lizard (D:4)
  A gnoll zombie (Ossuary)
  A goblin skeleton (D:11)
  A kobold (D:6)
  3 orc zombies (D:11)
46 creatures vanquished.

Vanquished Creatures (others)
  Edmund (D:5)
  An iguana (D:5)
  6 hexers
  An ancestor (D:6)
  A worker ant zombie (D:5)
  A shadow imp (D:5)
  4 jackals (D:5)
  A gnoll skeleton (Ossuary)
  2 gnoll zombies (Ossuary)
  2 goblin skeletons (Ossuary)
  2 goblin zombies (Ossuary)
  2 hobgoblin skeletons (Ossuary)
  2 hobgoblin zombies (Ossuary)
  2 kobold skeletons (Ossuary)
  2 kobold zombies (Ossuary)
  2 orc skeletons (Ossuary)
  3 orc zombies (Ossuary)
  2 rat skeletons (Ossuary)
  2 rat zombies (Ossuary)
39 creatures vanquished.

Grand Total: 394 creatures vanquished

Notes
Turn   | Place    | Note
-------+----------+-------------------------------------------
     0 | D:1      | theAP the Gargoyle Fighter began the quest for the Orb.
     0 | D:1      | Reached XP level 1. HP: 14/14 MP: 1/1
     9 | D:1      | Reached XP level 2. HP: 3/19 MP: 2/2
   756 | D:1      | Reached XP level 3. HP: 24/24 MP: 3/3
  1185 | D:2      | Reached skill level 3 in Maces & Flails
  1295 | D:2      | Found a blossoming altar of Fedhas.
  1301 | D:2      | Reached XP level 4. HP: 28/29 MP: 4/4
  1612 | D:2      | Found a sacrificial altar of Ru.
  1931 | D:3      | Found a glowing silver altar of Zin.
  1931 | D:3      | Found a bloodstained altar of Trog.
  1939 | D:3      | Found a hazy altar of Hepliaklqana.
  1942 | D:3      | Found a snail-covered altar of Cheibriados.
  1944 | D:3      | Found a deep blue altar of Sif Muna.
  1955 | D:3      | Became a worshipper of Hepliaklqana the Forgotten
  2305 | D:4      | Reached XP level 5. HP: 26/30 MP: 5/5
  2360 | D:4      | Reached skill level 4 in Maces & Flails
  2416 | D:4      | Reached * piety under Hepliaklqana
  2538 | D:4      | Noticed an ogre
  2544 | D:4      | Killed an ogre
  2544 | D:4      | Reached skill level 5 in Fighting
  2544 | D:4      | Reached XP level 6. HP: 22/36 MP: 6/6
  2597 | D:4      | Found a staircase to the Ecumenical Temple.
  2610 | D:4      | Reached skill level 5 in Maces & Flails
  2714 | D:4      | Noticed Grinder
  2730 | D:4      | Paralysed by Grinder for 2 turns
  2733 | D:4      | Killed Grinder
  2733 | D:4      | Reached XP level 7. HP: 38/40 MP: 7/7
  2761 | D:4      | Reached skill level 6 in Maces & Flails
  2788 | D:4      | Noticed nikopol's ghost (novice GrBe)
  2807 | D:4      | Killed nikopol's ghost
  2807 | D:4      | Reached skill level 7 in Maces & Flails
  3104 | D:5      | Entered Level 5 of the Dungeon
  3106 | D:5      | Noticed Edmund
  3111 | D:5      | Killed Edmund
  3150 | D:5      | Noticed a wyvern
  3150 | D:5      | Reached XP level 8. HP: 46/46 MP: 8/8
  3157 | D:5      | Killed a wyvern
  3180 | D:5      | Found Piumoaf's General Store.
  3254 | D:5      | Found a sand-covered staircase.
  3259 | Ossuary  | Entered an ossuary
  3497 | Ossuary  | Noticed Menkaure
  3504 | Ossuary  | Killed Menkaure
  3617 | D:5      | Noticed Duvessa
  3632 | D:5      | Noticed Dowan
  3633 | D:5      | Killed Duvessa
  3633 | D:5      | Reached skill level 8 in Maces & Flails
  3646 | D:5      | Killed Dowan
  4181 | D:6      | Reached skill level 9 in Maces & Flails
  4364 | D:6      | Reached ** piety under Hepliaklqana
  4365 | D:6      | Remembered your ancestor Teicuih as a hexer
  4583 | D:6      | Found an iron altar of Okawaru.
  4613 | D:6      | Reached XP level 9. HP: 53/53 MP: 9/9
  4712 | D:6      | Found an opulent altar of Gozag.
  5426 | D:7      | Found an iron altar of Okawaru.
  5441 | D:7      | Reached skill level 10 in Maces & Flails
  5485 | D:7      | Noticed a troll
  5510 | D:7      | Killed a troll
  5763 | D:7      | Gained mutation: You are clumsy. (Dex -2) [mutagenic meat]
  5764 | D:7      | Gained mutation: You occasionally shout uncontrollably at your foes. [mutagenic meat]
  5765 | D:7      | Gained mutation: You are surrounded by a mild repulsion field. (EV +2) [mutagenic meat]
  5766 | D:7      | Gained mutation: Your spells are a little harder to cast, but a little more powerful. [mutagenic meat]
  5767 | D:7      | Gained mutation: You are resistant to hostile enchantments. (MR+) [mutagenic meat]
  5768 | D:7      | Lost mutation: You occasionally shout uncontrollably at your foes. [mutagenic meat]
  6037 | D:7      | Found an iron altar of Okawaru.
  6115 | D:7      | Gained mutation: You have sharp fingernails. [mutagenic meat]
  6116 | D:7      | Gained mutation: Your mind is acute. (Int +2) [mutagenic meat]
  6183 | D:7      | Reached *** piety under Hepliaklqana
  6186 | D:7      | Noticed Joseph
  6207 | D:7      | Killed Joseph
  6207 | D:7      | Reached skill level 11 in Maces & Flails
  6207 | D:7      | Reached XP level 10. HP: 51/59 MP: 10/10
  6406 | D:8      | Found Xiegram's Armour Boutique.
  6412 | D:8      | Bought a +1 pair of gloves of strength for 198 gold pieces
  6691 | D:8      | Found Jushenykhla's Distillery.
  6700 | D:8      | Bought a potion of mutation for 37 gold pieces
  6700 | D:8      | Gained mutation: You possess an exceptional clarity of mind. [potion of mutation]
  6700 | D:8      | Gained mutation: You passively map a small area around you. [potion of mutation]
  6700 | D:8      | Gained mutation: You have a somewhat thin skeletal structure. (Dex +2, Stealth) [potion of mutation]
  6701 | D:8      | Gained mutation: You are somewhat resistant to further mutation. [potion of mutation]
  6998 | D:8      | Found Otaeg's Antique Weapon Shoppe.
  7031 | D:8      | Got a pair of distressingly furry gloves
  7043 | D:8      | Identified the +0 pair of gloves of the Maze {Str+2 Slay+2} (You found it on level 8 of the Dungeon)
  7438 | D:9      | Reached skill level 10 in Fighting
  7451 | D:9      | Found Ingemif's Armour Shop.
  7461 | D:9      | Reached **** piety under Hepliaklqana
  7486 | D:9      | Reached skill level 12 in Maces & Flails
  7504 | D:9      | Found Xiqughar's Food Shop.
  7535 | D:9      | Found an ancient bone altar of Kikubaaqudgha.
  7597 | D:9      | Found Labu's Armour Emporium.
  7657 | D:9      | Found a blossoming altar of Fedhas.
  7787 | D:9      | Noticed Psyche
  7792 | D:9      | Killed Psyche
  7964 | D:9      | Found a burning altar of Makhleb.
  8198 | D:10     | Entered Level 10 of the Dungeon
  8284 | D:10     | Reached skill level 13 in Maces & Flails
  8284 | D:10     | Reached XP level 11. HP: 62/65 MP: 11/11
  8289 | D:10     | Found a staircase to the Lair.
  8305 | D:10     | Found Opiq's Magic Scroll Shoppe.
  8353 | D:10     | Found Efalom's General Store.
  8365 | D:10     | Bought a potion of mutation for 32 gold pieces
  8365 | D:10     | Lost mutation: You have sharp fingernails. [potion of mutation]
  8389 | D:10     | Found Poamotsa's Distillery.
  8392 | D:10     | Bought a potion of mutation for 27 gold pieces
  8853 | D:10     | Found a shadowy altar of Dithmenos.
  8899 | D:10     | Noticed a hill giant
  8913 | D:10     | Killed a hill giant
  9043 | D:11     | Noticed a hill giant
  9043 | D:11     | Noticed a hill giant
  9054 | D:10     | Killed a hill giant
  9229 | D:11     | Noticed Tramtrist's ghost (novice SpAs)
  9230 | D:11     | Killed a hill giant
  9372 | D:11     | Killed Tramtrist's ghost
  9413 | D:11     | Reached ***** piety under Hepliaklqana
  9484 | D:11     | Reached skill level 14 in Maces & Flails
  9517 | D:11     | Found a staircase to the Orcish Mines.
  9975 | D:11     | Noticed a cyclops
  9984 | D:11     | Killed a cyclops
 10167 | D:12     | Noticed Nessos
 10320 | D:12     | Killed Nessos
 10541 | D:12     | Noticed Frances
 10541 | D:12     | Noticed a hill giant
 10541 | D:12     | Noticed a hill giant
 10586 | D:12     | Noticed a sixfirhy
 10586 | D:12     | Noticed a sixfirhy
 10864 | D:12     | Noticed a white ugly thing
 10888 | D:12     | Killed a white ugly thing
 10888 | D:12     | Reached XP level 12. HP: 27/72 MP: 12/12
 10899 | D:12     | Gained mutation: You are somewhat resistant to both further mutation and mutation removal. [mutagenic meat]
 11066 | D:12     | Reached skill level 1 in Invocations
 11239 | D:12     | Reached skill level 15 in Maces & Flails
 11466 | D:12     | Killed from afar by Frances

Skill      XL: |  1  2  3  4  5  6  7  8  9 10 11 12 |
---------------+-------------------------------------+-----
Fighting       | 4 5 6 7 9 10 12 | 12.7
Maces & Flails | 3 4 5 7 9 11 13 14 15 | 15.3
Invocations    | 3 |  3.4
Armour         | |  3.6
Shields        | |  3.4

Action                   |  1- 3 |  4- 6 |  7- 9 | 10-12 || total
-------------------------+-------+-------+-------+-------++-------
Melee: Flail             |   125 |   140 |   447 |   818 ||  1530
Invok: Ancestor Life: He |       |       |     1 |       ||     1
       Idealise          |       |       |       |     1 ||     1
Evoke: Wand              |       |       |       |     3 ||     3
  Use: Scroll            |       |     7 |    12 |     5 ||    24
       Potion            |       |     1 |       |    16 ||    17
 Stab: Confused          |       |       |     3 |     7 ||    10
       Distracted        |       |       |     1 |     4 ||     5
  Eat: Chunk             |     1 |     5 |    18 |    17 ||    41
       Fruit             |       |       |     4 |     5 ||     9
       Beef jerky        |       |       |       |     1 ||     1
Armor: Scale mail        |     6 |       |       |       ||     6
       Chain mail        |    60 |    78 |       |       ||   138
       Plate armour      |       |     8 |   277 |   395 ||   680
Dodge: Dodged            |    24 |    30 |    61 |   119 ||   234
Block: Shield            |    63 |    73 |   194 |   239 ||   569
